 Dungeon Crawl Stone Soup version 0.32-a0-732-ga344392067 (webtiles) character file.

Game seed: 3009758368526833902

1483 smashvw the Fighter (level 8, -3/63 (79) HPs)
             Began as a Minotaur Fighter on Mar 17, 2024.
             Was a Believer of Elyvilon.
             Killed by divine providence
             ... invoked by Jeremiah
              (12 damage)
             ... on level 7 of the Dungeon.
             The game lasted 00:13:08 (4438 turns).

smashvw the Fighter (Minotaur Fighter)              Turns: 4438, Time: 00:13:08

HP:   -3/63 (79)    AC: 12    Str: 23    XL:     8   Next: 50%
MP:   7/7           EV:  8    Int:  5    God:    Elyvilon [**....]
Gold: 369           SH:  4    Dex: 10    Spells: 7/7 levels left

rFire   . . .        a - +0 war axe
rCold   . . .        c - +0 buckler
rNeg    . . .        b - +0 scale mail
rPois   .            (helmet restricted)
rElec   .            (no cloak)
rCorr   .            (no gloves)
SInv    .            s - +0 pair of boots
Will    .....        (no amulet) Stlth
                     f - +4 ring of protection
HPRegen 0.30/turn    (no ring)
MPRegen 0.10/turn

%: no passive effects
@: heavily drained
A: horns 2, retaliatory headbutt
a: Renounce Religion, Purification, Heal Other


You were on level 7 of the Dungeon.
You worshipped Elyvilon.
Elyvilon was pleased with you.
You visited 1 branch of the dungeon, and saw 7 of its levels.

You collected 369 gold pieces.

Inventory:

Hand Weapons
 a - a +0 war axe (weapon)
Armour
 b - a +0 scale mail (worn)
 c - a +0 buckler (worn)
 s - a +0 pair of boots (worn)
Jewellery
 f - a +4 ring of protection (left hand)
 k - a ring of wizardry
 o - a ring of flight
 t - a ring of wizardry
 B - a ring of protection from fire
Wands
 r - a wand of flame (13)
 z - a wand of charming (18)
Scrolls
 g - 2 scrolls of enchant armour {unknown}
 j - 2 scrolls of torment {unknown}
 l - 8 scrolls of identify {unknown}
 m - 3 scrolls of teleportation {unknown}
 n - 2 scrolls of revelation {unknown}
 q - 2 scrolls of fog {unknown}
 u - a scroll of vulnerability {unknown}
 y - a scroll of fear {unknown}
 A - a scroll of silence {unknown}
Potions
 d - 2 potions of might
 e - 2 potions of curing {unknown}
 h - 2 potions of resistance {unknown}
 i - 4 potions of heal wounds {unknown}
 p - a potion of haste {unknown}
 v - 2 potions of lignification {unknown}
 w - a potion of enlightenment {unknown}
 x - a potion of degeneration {unknown}
 C - a potion of attraction {unknown}


   Skills:
 + Level 9.7 Fighting
 + Level 9.3 Axes
 - Level 3.6 Armour
 - Level 3.6 Shields


You had 7 spell levels left.
You didn't know any spells.
Your spell library contained the following spells:

 Spells                   Type           Power      Damage    Failure   Level
 Shock                    Conj/Air       0%         1d3       85%         1
 Call Canine Familiar     Summ           0%         N/A       99%         3
 Sigil of Binding         Hex            0%         N/A       99%         3
 Swiftness                Air            0%         N/A       99%         3
 Airstrike                Air            0%         2d(0-16)  100%        4
 Dimensional Bullseye     Hex/Tloc       0%         N/A       100%        4


Dungeon Overview and Level Annotations

Branches:
Dungeon (7/15)             Temple (0/1) D:7

Altars:
Elyvilon
Kikubaaqudgha
Trog
The Shining One

Shops:
D:1 !

Annotations:
D:4 2 transporters, hecktor's ghost, amateur FoHu
D:7 Jeremiah


Innate Abilities, Weirdness & Mutations

You have a pair of horns on your head.
You reflexively headbutt those who attack you in melee.


Message History

You kill the butterfly!
The butterfly disappears in a burst of colours!
Jeremiah hits you but does no damage.
You feel drained.
You slash Jeremiah! Your headbutt misses Jeremiah.
Jeremiah is heavily wounded.
You miss the butterfly.
The butterfly disappears in a burst of colours!
Jeremiah hits you with a +3 trident of draining.
* * * LOW HITPOINT WARNING * * *
You feel drained.
* * * LOW HITPOINT WARNING * * *
You hit Jeremiah.
Jeremiah is heavily wounded.
You slash the butterfly!
You kill the butterfly!
The butterfly disappears in a burst of colours!
You barely miss the butterfly. You hit the butterfly.
You kill the butterfly!
The butterfly disappears in a burst of colours!
Jeremiah barely misses you. You furiously retaliate!
You headbutt Jeremiah! You closely miss Jeremiah.
Your headbutt misses Jeremiah.
Jeremiah is severely wounded.
You hit the butterfly.
You kill the butterfly!
The butterfly disappears in a burst of colours!
You slash the butterfly!
You kill the butterfly!
The butterfly disappears in a burst of colours!
Jeremiah hits you but does no damage.
You feel drained.
You barely miss Jeremiah.
Jeremiah is severely wounded.
You miss the butterfly. Jeremiah closely misses you. You furiously retaliate!
You headbutt Jeremiah. You closely miss Jeremiah.
Jeremiah is severely wounded.
You closely miss the butterfly.
Jeremiah cries, "Fearful master, protect me!"
Something smites you!
You die...
Jeremiah says, "O terrible one, your will is done."

##..........# #.
#.########.# ## #.# ##'#
#.# #.... ##.# ##..#
..## ########.b####...#
...##
#........b..#...###....
.###...bb............
#.#@bb#...#.....#
#.##Fb#.###bF>..#
#.###.###b#...#.....#...
#...b....b##.|..b.$....#
#####.#######.F.###...##
#b# ##...# ## .b. ##..#
##.# ..... #.# ###...


You could see Jeremiah.

Vanquished Creatures
  Grinder (D:4)
  Sigmund (D:5)
  Eustachio (D:5)
  2 ice beasts (D:5)
  A black bear (D:4)
  A bullfrog (D:6)
  A howler monkey (D:5)
  A bombardier beetle (D:5)
  2 orc priests (D:6)
  4 hounds
  5 sleepcaps
  An orc wizard (D:4)
  6 adders
  A shadow imp (D:7)
  A white imp (D:6)
  4 ufetubi
  11 dart slugs
  24 orcs
  7 ball pythons
  6 endoplasms
  2 giant cockroaches
  6 goblins
  5 hobgoblins
  3 jackals (D:1)
  5 quokkas
  3 bats
  2 frilled lizards
  5 kobolds
  4 rats
116 creatures vanquished.

Notes
Turn   | Place    | Note
-------+----------+-------------------------------------------
     0 | D:1      | smashvw the Minotaur Fighter began the quest for the Orb.
     0 | D:1      | Reached XP level 1. HP: 19/19 MP: 0/0
    88 | D:1      | Reached XP level 2. HP: 27/27 MP: 1/1
   272 | D:1      | Found Syonaf's Distillery.
   608 | D:2      | Found a faded altar of an unknown god.
   622 | D:2      | Reached XP level 3. HP: 31/34 MP: 2/2
   993 | D:2      | Reached XP level 4. HP: 36/41 MP: 3/3
  1458 | D:3      | Reached skill level 5 in Fighting
  2101 | D:4      | Reached XP level 5. HP: 48/50 MP: 4/4
  2115 | D:4      | Noticed Grinder
  2133 | D:4      | Reached skill level 5 in Axes
  2133 | D:4      | Paralysed by Grinder for 2 turns
  2139 | D:4      | Killed Grinder
  2140 | D:4      | Reached XP level 6. HP: 47/58 MP: 5/5
  2196 | D:4      | Found a transporter.
  2241 | D:4      | Found a white marble altar of Elyvilon.
  2255 | D:4      | Became a worshipper of Elyvilon the Healer
  2339 | D:4      | Noticed hecktor's ghost (amateur FoHu)
  2344 | D:4      | Found a transporter.
  2524 | D:5      | Entered Level 5 of the Dungeon
  2527 | D:5      | Noticed Eustachio
  2546 | D:5      | Reached XP level 7. HP: 52/66 MP: 6/6
  2561 | D:5      | Killed Eustachio
  2562 | D:5      | Noticed Sigmund
  2568 | D:5      | Killed Sigmund
  2835 | D:5      | Reached XP level 8. HP: 75/75 MP: 7/7
  2906 | D:5      | Reached * piety under Elyvilon
  3500 | D:6      | Reached ** piety under Elyvilon
  3874 | D:6      | Found an ancient bone altar of Kikubaaqudgha.
  4209 | D:7      | Found a bloodstained altar of Trog.
  4210 | D:7      | Found a glowing golden altar of the Shining One.
  4361 | D:7      | Noticed Jeremiah
  4362 | D:7      | Found a staircase to the Ecumenical Temple.
  4438 | D:7      | Killed from afar by Jeremiah

Illustrated notes

Levels and vault maps discovered:
D:1:      dpeg_arrival_pits, layout_basic, serial_shops, shop, minmay_bisected
D:2:      layout_basic, chequers_ecumenical_altar_twisty, minmay_surrounded
D:3:      layout_basic, kennysheep_another_room, kennysheep_flooded_box
D:4:      layout_cave_pools, mainiacjoe_overflow_24_doors,
          gammafunk_ghost_smash, uniq_grinder
D:5:      layout_basic, uniq_eustachio, uniq_sigmund
D:6:      layout_cave_pools, general_overflow_altar, minivault_14
D:7:      layout_loops_corners, nicolae_overflow_hidden_temple,
          minmay_temple_entry_tees, uniq_jeremiah, uniq_pikel

Skill      XL: |  1  2  3  4  5  6  7  8 |
---------------+-------------------------+-----
Fighting       | 4 5 6 7 8 9 |  9.7
Axes           | 3 4 6 8 9 |  9.3
Armour         | |  3.6
Shields        | |  3.6

Action                     |  1- 3 |  4- 6 |  7- 9 || total
---------------------------+-------+-------+-------++-------
  Melee: War axe           |    55 |   103 |   121 ||   279
         Headbutt          |     7 |    18 |    18 ||    43
 Armour: Scale mail        |    40 |    95 |   101 ||   236
  Dodge: Dodged            |    19 |    43 |    45 ||   107
  Block: Buckler           |    14 |    26 |    25 ||    65

Table legend: (Time is in decaauts)
 A = Elapsed time spent in this place.
 B = Non-inter-level travel time spent in this place.
 C = Inter-level travel time spent in this place.
 D = Time resting spent in this place.
 E = Time spent auto-exploring this place.
 F = Levels seen in this place.
 G = Mean time per level.
                   A        B        C        D        E       F      G
               +--------+--------+--------+--------+--------+-----+--------+
         Total |   4496 |   4371 |    125 |      0 |   3602 |   7 |  642.3 |
       Dungeon |   4496 |   4371 |    125 |      0 |   3602 |   7 |  642.3 |
               +--------+--------+--------+--------+--------+-----+--------+

Top non-repeatable levels by time:
     D:2: 838 daAuts
     D:5: 811 daAuts
     D:6: 668 daAuts
     D:3: 615 daAuts
     D:1: 568 daAuts
     D:4: 546 daAuts
     D:7: 446 daAuts
